[ PARTIDA AOE2 · #464111529 ]
UnrankedFrancos vs Burmese
[ ANÁLISIS DE REPETICIÓN · EXTRAÍDO DE LA PARTIDA GRABADA ]
Feudal
9:16
Castillos
23:42
Imperial
—
| APM promedio | 38.5 |
| APM pico | 125 |
| eAPM promedio | 16.1 |
| Aldeanos / militares | 64 / 73 |
Foco
⚔️ 37.5% · 🌾 62.5%
Knight ×52 · Scout Cavalry ×21
Feudal
12:08
Castillos
15:47
Imperial
—
| APM promedio | 39.4 |
| APM pico | 80 |
| eAPM promedio | 18.3 |
| Aldeanos / militares | 59 / 38 |
Foco
⚔️ 36.3% · 🌾 63.7%
Arambai ×36 · Mangonel ×1 · Battering Ram ×1
Feudal
9:41
Castillos
14:51
Imperial
—
| APM promedio | 44.2 |
| APM pico | 97 |
| eAPM promedio | 20.6 |
| Aldeanos / militares | 103 / 41 |
Foco
⚔️ 17.6% · 🌾 82.4%
Armored Elephant ×17 · Shrivamsha Rider ×16 · Monk ×4 · Camel Scout ×4
Feudal
9:41
Castillos
13:17
Imperial
—
| APM promedio | 72.1 |
| APM pico | 122 |
| eAPM promedio | 35.8 |
| Aldeanos / militares | 97 / 36 |
Foco
⚔️ 61.7% · 🌾 38.3%
Knight ×36
Feudal
11:14
Castillos
15:34
Imperial
30:09
| APM promedio | 60.9 |
| APM pico | 107 |
| eAPM promedio | 23.5 |
| Aldeanos / militares | 73 / 14 |
Foco
⚔️ 22.4% · 🌾 77.6%
Monk ×5 · Mangonel ×5 · Skirmisher ×2 · Battering Ram ×2
Feudal
10:31
Castillos
14:06
Imperial
28:18
| APM promedio | 34.5 |
| APM pico | 73 |
| eAPM promedio | 16.0 |
| Aldeanos / militares | 45 / 49 |
Foco
⚔️ 34.6% · 🌾 65.4%
Archer ×47 · Unknown (1942) ×3 · Monk ×1 · Mangonel ×1
Feudal
8:04
Castillos
21:05
Imperial
—
| APM promedio | 55.3 |
| APM pico | 130 |
| eAPM promedio | 21.5 |
| Aldeanos / militares | 42 / 64 |
Foco
⚔️ 53.3% · 🌾 46.7%
Archer ×64
Feudal
12:08
Castillos
16:17
Imperial
20:40
| APM promedio | 36.3 |
| APM pico | 75 |
| eAPM promedio | 15.6 |
| Aldeanos / militares | 57 / 50 |
Foco
⚔️ 28.0% · 🌾 72.0%
Hand Cannoneer ×43 · Bombard Cannon ×6 · Monk ×1
Mapa de la partida
Recursos iniciales + cada clic de construcción. Líneas = muros · curvas = relieve. ◆ oro · ⬟ piedra · ● bayas · ✦ reliquia · ◌ hueco del cierre
Tu base· ✓ Cerrada en 23:42 · 0t muro · 3 puerta(s)
Base de TaçsızKral· ✓ Cerrada en 15:47 · 0t muro · 2 puerta(s)
Base de UXIONO· ✓ Cerrada en 14:51 · 0t muro · 3 puerta(s)
Base de Richman· ✓ Cerrada en 13:17 · 0t muro · 3 puerta(s)
Base de Venom· ✓ Cerrada en 15:34 · 0t muro · 3 puerta(s)
Base de konstid· ✓ Cerrada en 14:06 · 0t muro · 2 puerta(s)
Base de towerrushfeudal· ✓ Cerrada en 21:05 · 24t muro · 3 puerta(s)
Base de tokmakbaba· ✓ Cerrada en 16:17 · 0t muro · 3 puerta(s)
Terreno inicial suavizado · ◌ = hueco del cierre detectado · pasá el cursor para detalles
Inputs por minuto
— MANQUELINI - - TaçsızKral
Build order — MANQUELINI
Primeras 150 de 232 acciones detectadas
| 0:01 | Crear | Villager (Male) |
| 0:01 | Crear | Villager (Male) |
| 0:01 | Crear | Villager (Male) |
| 0:04 | Construir | House |
| 0:06 | Construir | House |
| 0:27 | Crear | Villager (Male) |
| 1:34 | Crear | Villager (Male) |
| 2:01 | Crear | Villager (Male) |
| 2:01 | Crear | Villager (Male) |
| 2:14 | Construir | Lumber Camp |
| 2:20 | Crear | Villager (Male) |
| 2:20 | Crear | Villager (Male) |
| 2:56 | Crear | Villager (Male) |
| 2:56 | Crear | Villager (Male) |
| 3:10 | Crear | Villager (Male) |
| 3:35 | Crear | Villager (Male) |
| 3:54 | Construir | House |
| 4:07 | Crear | Villager (Male) |
| 4:27 | Crear | Villager (Male) |
| 4:28 | Crear | Villager (Male) |
| 4:33 | Construir | House |
| 4:36 | Construir | House |
| 4:49 | Crear | Villager (Male) |
| 5:16 | Crear | Villager (Male) |
| 5:16 | Crear | Villager (Male) |
| 5:17 | Crear | Villager (Male) |
| 5:46 | Construir | Mill |
| 6:14 | Crear | Villager (Male) |
| 6:15 | Crear | Villager (Male) |
| 6:38 | Crear | Villager (Male) |
| 7:03 | Investigar | Feudal Age |
| 8:20 | Construir | Barracks |
| 9:10 | Crear | Villager (Male) |
| 9:10 | Crear | Villager (Male) |
| 9:16 | Edad | Edad Feudal |
| 9:17 | Investigar | Double-Bit Axe |
| 9:20 | Construir | Stable |
| 9:53 | Construir | Farm |
| 10:01 | Crear | Villager (Male) |
| 10:02 | Crear | Villager (Male) |
| 10:15 | Crear | Scout Cavalry |
| 10:15 | Crear | Scout Cavalry |
| 10:15 | Crear | Scout Cavalry |
| 10:18 | Construir | Blacksmith |
| 10:35 | Crear | Villager (Male) |
| 10:40 | Construir | Farm |
| 10:59 | Construir | Farm |
| 11:06 | Crear | Villager (Male) |
| 11:15 | Construir | Farm |
| 11:16 | Crear | Villager (Male) |
| 11:58 | Investigar | Wheelbarrow |
| 12:02 | Construir | House |
| 12:03 | Construir | House |
| 12:17 | Investigar | Scale Barding Armor |
| 12:18 | Investigar | Forging |
| 12:26 | Construir | Lumber Camp |
| 12:34 | Construir | Farm |
| 12:40 | Crear | Villager (Male) |
| 12:47 | Construir | Mining Camp |
| 12:49 | Crear | Villager (Male) |
| 13:16 | Construir | House |
| 13:18 | Construir | House |
| 13:55 | Crear | Scout Cavalry |
| 13:56 | Crear | Scout Cavalry |
| 14:01 | Construir | Farm |
| 14:01 | Construir | Farm |
| 14:02 | Construir | Farm |
| 14:02 | Construir | Farm |
| 14:03 | Construir | Farm |
| 14:05 | Crear | Villager (Male) |
| 14:05 | Crear | Villager (Male) |
| 14:29 | Construir | Farm |
| 14:29 | Construir | Farm |
| 14:30 | Construir | Farm |
| 14:30 | Construir | Farm |
| 14:30 | Construir | Farm |
| 14:31 | Construir | Farm |
| 14:36 | Construir | House |
| 14:38 | Construir | House |
| 14:41 | Construir | House |
| 14:42 | Construir | House |
| 14:46 | Crear | Villager (Male) |
| 14:49 | Crear | Villager (Male) |
| 14:50 | Crear | Villager (Male) |
| 15:07 | Crear | Villager (Male) |
| 15:42 | Crear | Villager (Male) |
| 15:43 | Investigar | Forging |
| 15:46 | Crear | Scout Cavalry |
| 15:46 | Crear | Scout Cavalry |
| 15:53 | Construir | Stable |
| 15:57 | Construir | House |
| 15:58 | Construir | House |
| 15:58 | Construir | House |
| 16:01 | Crear | Villager (Male) |
| 16:14 | Crear | Scout Cavalry |
| 16:14 | Crear | Scout Cavalry |
| 16:29 | Crear | Scout Cavalry |
| 16:30 | Crear | Scout Cavalry |
| 16:51 | Crear | Scout Cavalry |
| 16:56 | Crear | Scout Cavalry |
| 16:56 | Crear | Scout Cavalry |
| 17:10 | Crear | Scout Cavalry |
| 17:29 | Crear | Villager (Male) |
| 17:31 | Crear | Scout Cavalry |
| 17:48 | Crear | Scout Cavalry |
| 17:49 | Crear | Scout Cavalry |
| 17:57 | Crear | Villager (Male) |
| 18:13 | Construir | Farm |
| 18:13 | Construir | Farm |
| 18:13 | Construir | Farm |
| 18:13 | Construir | Farm |
| 18:14 | Construir | Farm |
| 18:14 | Construir | Farm |
| 18:14 | Construir | Farm |
| 18:16 | Construir | Farm |
| 18:17 | Construir | Farm |
| 18:17 | Construir | Farm |
| 18:17 | Construir | Farm |
| 18:17 | Construir | Farm |
| 18:18 | Construir | Farm |
| 18:18 | Construir | Farm |
| 18:18 | Construir | Farm |
| 18:19 | Construir | Farm |
| 18:21 | Crear | Villager (Male) |
| 18:57 | Crear | Villager (Male) |
| 18:59 | Crear | Scout Cavalry |
| 18:59 | Crear | Scout Cavalry |
| 18:59 | Crear | Scout Cavalry |
| 19:13 | Crear | Villager (Male) |
| 19:13 | Crear | Villager (Male) |
| 19:59 | Construir | Farm |
| 20:03 | Construir | Farm |
| 20:04 | Construir | Farm |
| 20:04 | Construir | Farm |
| 20:04 | Construir | Farm |
| 20:10 | Crear | Villager (Male) |
| 20:21 | Investigar | Loom |
| 20:39 | Investigar | Castle Age |
| 20:50 | Construir | Stable |
| 20:57 | Construir | Market |
| 21:02 | Construir | House |
| 21:04 | Construir | House |
| 21:07 | Construir | House |
| 21:09 | Construir | House |
| 21:22 | Investigar | Gold Mining |
| 23:19 | Construir | Gate |
| 23:26 | Crear | Villager (Male) |
| 23:26 | Crear | Villager (Male) |
| 23:28 | Crear | Villager (Male) |
| 23:29 | Crear | Villager (Male) |
Build order — TaçsızKral
143 acciones detectadas en el replay
| 0:02 | Crear | Villager (Male) |
| 0:02 | Crear | Villager (Male) |
| 0:02 | Crear | Villager (Male) |
| 0:02 | Crear | Villager (Male) |
| 0:05 | Construir | House |
| 0:06 | Construir | House |
| 1:41 | Crear | Villager (Male) |
| 2:06 | Crear | Villager (Male) |
| 2:06 | Crear | Villager (Male) |
| 2:56 | Crear | Villager (Male) |
| 3:08 | Construir | Lumber Camp |
| 3:39 | Crear | Villager (Male) |
| 3:39 | Crear | Villager (Male) |
| 3:45 | Crear | Villager (Male) |
| 3:55 | Construir | House |
| 3:57 | Crear | Villager (Male) |
| 4:36 | Crear | Villager (Male) |
| 4:40 | Crear | Villager (Male) |
| 4:40 | Crear | Villager (Male) |
| 4:49 | Construir | Mill |
| 5:50 | Crear | Villager (Male) |
| 5:50 | Crear | Villager (Male) |
| 5:51 | Crear | Villager (Male) |
| 5:51 | Crear | Villager (Male) |
| 6:07 | Crear | Villager (Male) |
| 6:17 | Construir | House |
| 6:38 | Crear | Villager (Male) |
| 7:02 | Construir | Mining Camp |
| 7:55 | Crear | Villager (Male) |
| 8:21 | Crear | Villager (Male) |
| 8:31 | Construir | Mining Camp |
| 8:41 | Construir | House |
| 8:49 | Crear | Villager (Male) |
| 9:28 | Crear | Villager (Male) |
| 9:58 | Investigar | Feudal Age |
| 11:47 | Crear | Villager (Male) |
| 11:47 | Crear | Villager (Male) |
| 12:08 | Edad | Edad Feudal |
| 12:12 | Construir | Market |
| 12:18 | Construir | Blacksmith |
| 12:54 | Investigar | Stone Mining |
| 13:07 | Investigar | Castle Age |
| 13:19 | Investigar | Horse Collar |
| 13:21 | Crear | Villager (Male) |
| 13:21 | Crear | Villager (Male) |
| 13:25 | Construir | Farm |
| 13:27 | Construir | Farm |
| 14:10 | Construir | Farm |
| 14:26 | Construir | Outpost |
| 15:09 | Construir | Outpost |
| 15:25 | Crear | Villager (Male) |
| 15:33 | Construir | House |
| 15:47 | Edad | Edad de los Castillos |
| 15:55 | Construir | Castle |
| 16:38 | Construir | Siege Workshop |
| 16:50 | Crear | Villager (Male) |
| 17:06 | Crear | Villager (Male) |
| 17:10 | Crear | Mangonel |
| 17:16 | Construir | House |
| 17:23 | Crear | Arambai |
| 17:45 | Construir | Siege Workshop |
| 17:48 | Investigar | Fletching |
| 18:03 | Crear | Villager (Male) |
| 18:49 | Construir | Castle |
| 19:10 | Construir | House |
| 19:28 | Crear | Villager (Male) |
| 19:28 | Crear | Villager (Male) |
| 19:46 | Crear | Villager (Male) |
| 20:00 | Construir | Stone Wall |
| 20:35 | Crear | Villager (Male) |
| 20:43 | Crear | Arambai |
| 20:44 | Crear | Arambai |
| 20:44 | Crear | Arambai |
| 21:12 | Construir | Barracks |
| 21:26 | Crear | Battering Ram |
| 21:47 | Crear | Arambai |
| 21:47 | Crear | Arambai |
| 22:08 | Crear | Villager (Male) |
| 22:09 | Crear | Villager (Male) |
| 22:35 | Crear | Arambai |
| 22:35 | Crear | Arambai |
| 22:36 | Crear | Arambai |
| 22:59 | Crear | Arambai |
| 23:11 | Crear | Villager (Male) |
| 23:11 | Crear | Villager (Male) |
| 24:03 | Construir | Stable |
| 24:04 | Crear | Villager (Male) |
| 24:45 | Crear | Villager (Male) |
| 24:48 | Construir | Farm |
| 24:49 | Crear | Arambai |
| 24:49 | Crear | Arambai |
| 24:49 | Crear | Arambai |
| 25:01 | Crear | Arambai |
| 25:18 | Construir | House |
| 25:18 | Construir | House |
| 25:30 | Construir | Farm |
| 25:44 | Investigar | Bloodlines |
| 25:53 | Crear | Arambai |
| 26:26 | Crear | Arambai |
| 26:26 | Crear | Arambai |
| 26:28 | Crear | Villager (Male) |
| 26:38 | Crear | Villager (Male) |
| 26:43 | Investigar | Padded Archer Armor |
| 26:43 | Investigar | Padded Archer Armor |
| 26:57 | Crear | Arambai |
| 26:57 | Crear | Arambai |
| 27:12 | Crear | Villager (Male) |
| 27:12 | Crear | Villager (Male) |
| 27:31 | Crear | Arambai |
| 27:32 | Crear | Arambai |
| 27:43 | Construir | Farm |
| 27:45 | Crear | Villager (Male) |
| 28:01 | Crear | Arambai |
| 28:02 | Crear | Arambai |
| 28:02 | Crear | Arambai |
| 28:09 | Construir | Farm |
| 28:14 | Construir | Farm |
| 28:18 | Crear | Villager (Male) |
| 28:40 | Crear | Arambai |
| 28:40 | Crear | Arambai |
| 28:55 | Construir | Farm |
| 29:00 | Crear | Villager (Male) |
| 29:00 | Crear | Villager (Male) |
| 29:20 | Crear | Arambai |
| 29:39 | Crear | Arambai |
| 29:40 | Crear | Arambai |
| 29:40 | Crear | Arambai |
| 29:49 | Crear | Villager (Male) |
| 29:49 | Crear | Villager (Male) |
| 29:49 | Crear | Villager (Male) |
| 30:03 | Crear | Arambai |
| 30:22 | Crear | Arambai |
| 30:23 | Crear | Arambai |
| 30:27 | Crear | Villager (Male) |
| 30:28 | Crear | Villager (Male) |
| 30:28 | Crear | Villager (Male) |
| 30:35 | Construir | Farm |
| 30:38 | Construir | Farm |
| 30:43 | Crear | Villager (Male) |
| 30:43 | Crear | Villager (Male) |
| 30:51 | Crear | Arambai |
| 31:25 | Crear | Arambai |
| 31:26 | Crear | Arambai |
Build order — UXIONO
Primeras 150 de 281 acciones detectadas
| 0:01 | Crear | Villager (Male) |
| 0:01 | Crear | Villager (Male) |
| 0:01 | Crear | Villager (Male) |
| 0:05 | Construir | House |
| 0:10 | Crear | Villager (Male) |
| 0:10 | Crear | Villager (Male) |
| 0:15 | Construir | House |
| 0:15 | Construir | House |
| 0:15 | Construir | House |
| 0:17 | Construir | House |
| 0:36 | Construir | House |
| 0:52 | Construir | Mill |
| 1:27 | Investigar | Loom |
| 1:33 | Crear | Villager (Male) |
| 2:06 | Crear | Villager (Male) |
| 2:06 | Crear | Villager (Male) |
| 2:31 | Crear | Villager (Male) |
| 2:31 | Crear | Villager (Male) |
| 3:16 | Crear | Villager (Male) |
| 3:16 | Crear | Villager (Male) |
| 3:16 | Crear | Villager (Male) |
| 4:02 | Crear | Villager (Male) |
| 4:02 | Crear | Villager (Male) |
| 4:02 | Crear | Villager (Male) |
| 4:03 | Crear | Villager (Male) |
| 4:36 | Crear | Villager (Male) |
| 4:45 | Crear | Villager (Male) |
| 4:45 | Crear | Villager (Male) |
| 5:10 | Crear | Villager (Male) |
| 5:10 | Crear | Villager (Male) |
| 5:11 | Crear | Villager (Male) |
| 5:11 | Crear | Villager (Male) |
| 6:36 | Construir | Lumber Camp |
| 7:15 | Investigar | Feudal Age |
| 7:16 | Investigar | Feudal Age |
| 8:11 | Construir | House |
| 8:14 | Construir | House |
| 8:16 | Construir | House |
| 9:11 | Crear | Villager (Male) |
| 9:11 | Crear | Villager (Male) |
| 9:13 | Crear | Villager (Male) |
| 9:13 | Crear | Villager (Male) |
| 9:41 | Edad | Edad Feudal |
| 9:41 | Crear | Villager (Male) |
| 9:41 | Crear | Villager (Male) |
| 9:47 | Construir | Market |
| 9:51 | Construir | Blacksmith |
| 9:54 | Crear | Villager (Male) |
| 10:40 | Construir | Mining Camp |
| 10:52 | Crear | Villager (Male) |
| 12:02 | Investigar | Castle Age |
| 12:02 | Investigar | Castle Age |
| 12:34 | Investigar | Horse Collar |
| 12:34 | Investigar | Horse Collar |
| 13:10 | Construir | Farm |
| 13:10 | Construir | Farm |
| 13:10 | Construir | Farm |
| 13:23 | Construir | Farm |
| 13:23 | Construir | Farm |
| 13:24 | Construir | Farm |
| 13:25 | Construir | Farm |
| 13:25 | Construir | Farm |
| 13:26 | Construir | Farm |
| 13:26 | Construir | Farm |
| 13:26 | Construir | Farm |
| 13:26 | Construir | Farm |
| 13:26 | Construir | Farm |
| 13:27 | Construir | Farm |
| 13:27 | Construir | Farm |
| 13:27 | Construir | Farm |
| 13:27 | Construir | Farm |
| 13:28 | Construir | Farm |
| 13:28 | Construir | Farm |
| 13:28 | Construir | Farm |
| 13:28 | Construir | Farm |
| 13:29 | Construir | Farm |
| 13:29 | Construir | Farm |
| 13:29 | Construir | Farm |
| 13:29 | Construir | Farm |
| 13:29 | Construir | Farm |
| 13:30 | Construir | Farm |
| 13:30 | Construir | Farm |
| 13:31 | Construir | Farm |
| 13:31 | Construir | Farm |
| 13:31 | Construir | Farm |
| 13:31 | Construir | Farm |
| 13:32 | Construir | Farm |
| 13:32 | Construir | Farm |
| 13:59 | Construir | Farm |
| 14:22 | Crear | Villager (Male) |
| 14:22 | Crear | Villager (Male) |
| 14:35 | Construir | Farm |
| 14:36 | Construir | Farm |
| 14:37 | Construir | Farm |
| 14:51 | Edad | Edad de los Castillos |
| 15:25 | Construir | Siege Workshop |
| 15:42 | Crear | Villager (Male) |
| 15:44 | Crear | Villager (Male) |
| 15:53 | Crear | Armored Elephant |
| 15:53 | Crear | Armored Elephant |
| 15:54 | Crear | Armored Elephant |
| 16:01 | Crear | Armored Elephant |
| 16:01 | Crear | Armored Elephant |
| 16:43 | Crear | Armored Elephant |
| 16:44 | Crear | Armored Elephant |
| 16:52 | Crear | Villager (Male) |
| 16:53 | Crear | Villager (Male) |
| 17:00 | Construir | Monastery |
| 17:21 | Crear | Armored Elephant |
| 17:31 | Crear | Monk |
| 17:31 | Crear | Monk |
| 17:32 | Crear | Monk |
| 17:46 | Construir | House |
| 17:46 | Construir | House |
| 17:46 | Construir | House |
| 17:46 | Construir | House |
| 17:46 | Construir | House |
| 17:47 | Construir | House |
| 17:59 | Crear | Armored Elephant |
| 17:59 | Crear | Armored Elephant |
| 18:37 | Crear | Armored Elephant |
| 18:38 | Crear | Armored Elephant |
| 18:43 | Construir | Barracks |
| 19:06 | Crear | Armored Elephant |
| 19:07 | Crear | Armored Elephant |
| 19:07 | Crear | Armored Elephant |
| 19:09 | Crear | Monk |
| 19:33 | Crear | Villager (Male) |
| 19:34 | Crear | Villager (Male) |
| 19:34 | Crear | Villager (Male) |
| 19:42 | Construir | Stable |
| 20:20 | Crear | Villager (Male) |
| 20:20 | Crear | Villager (Male) |
| 20:21 | Crear | Villager (Male) |
| 20:45 | Construir | House |
| 20:45 | Construir | House |
| 20:46 | Construir | House |
| 20:46 | Construir | House |
| 20:46 | Construir | House |
| 20:46 | Construir | House |
| 20:54 | Crear | Armored Elephant |
| 20:54 | Crear | Armored Elephant |
| 21:14 | Crear | Villager (Male) |
| 21:29 | Crear | Villager (Male) |
| 21:54 | Crear | Villager (Male) |
| 22:07 | Crear | Villager (Male) |
| 22:14 | Construir | Town Center |
| 22:33 | Investigar | Husbandry |
| 22:33 | Investigar | Husbandry |
| 22:54 | Crear | Villager (Male) |
Build order — Richman
Primeras 150 de 250 acciones detectadas
| 0:00 | Crear | Villager (Male) |
| 0:01 | Crear | Villager (Male) |
| 0:01 | Crear | Villager (Male) |
| 0:02 | Construir | House |
| 0:04 | Construir | House |
| 0:24 | Crear | Villager (Male) |
| 1:32 | Crear | Villager (Male) |
| 1:52 | Construir | Lumber Camp |
| 2:02 | Crear | Villager (Male) |
| 2:19 | Crear | Villager (Male) |
| 2:40 | Crear | Villager (Male) |
| 3:05 | Crear | Villager (Male) |
| 3:29 | Construir | House |
| 3:31 | Crear | Villager (Male) |
| 3:57 | Construir | Mill |
| 4:02 | Crear | Villager (Male) |
| 4:25 | Crear | Villager (Male) |
| 4:25 | Crear | Villager (Male) |
| 5:09 | Construir | House |
| 5:13 | Crear | Villager (Male) |
| 5:13 | Crear | Villager (Male) |
| 6:09 | Crear | Villager (Male) |
| 6:24 | Crear | Villager (Male) |
| 6:54 | Crear | Villager (Male) |
| 7:31 | Investigar | Feudal Age |
| 7:42 | Construir | Mining Camp |
| 9:41 | Edad | Edad Feudal |
| 9:45 | Construir | Market |
| 9:48 | Construir | Blacksmith |
| 10:06 | Crear | Villager (Male) |
| 10:37 | Investigar | Castle Age |
| 11:12 | Construir | Lumber Camp |
| 11:36 | Investigar | Double-Bit Axe |
| 12:15 | Construir | Barracks |
| 13:03 | Crear | Villager (Male) |
| 13:04 | Crear | Villager (Male) |
| 13:17 | Edad | Edad de los Castillos |
| 13:19 | Construir | Stable |
| 13:45 | Construir | Farm |
| 13:51 | Crear | Villager (Male) |
| 13:58 | Construir | House |
| 14:14 | Crear | Knight |
| 14:16 | Construir | House |
| 14:24 | Construir | Farm |
| 14:27 | Construir | Farm |
| 14:30 | Crear | Villager (Male) |
| 14:33 | Construir | House |
| 14:35 | Crear | Knight |
| 14:44 | Construir | Farm |
| 14:50 | Crear | Knight |
| 15:02 | Construir | Farm |
| 15:05 | Construir | Farm |
| 15:07 | Crear | Villager (Male) |
| 15:10 | Construir | Farm |
| 15:18 | Construir | House |
| 15:29 | Crear | Villager (Male) |
| 15:38 | Construir | Town Center |
| 15:45 | Crear | Knight |
| 15:52 | Construir | Farm |
| 15:54 | Construir | Farm |
| 15:57 | Crear | Villager (Male) |
| 16:02 | Construir | Farm |
| 16:06 | Crear | Knight |
| 16:31 | Crear | Villager (Male) |
| 16:34 | Construir | Farm |
| 16:37 | Construir | Farm |
| 16:54 | Crear | Knight |
| 17:13 | Construir | Farm |
| 17:24 | Investigar | Scale Barding Armor |
| 17:45 | Crear | Knight |
| 17:57 | Crear | Villager (Male) |
| 18:05 | Construir | Town Center |
| 18:13 | Crear | Knight |
| 18:43 | Crear | Knight |
| 19:05 | Crear | Knight |
| 19:19 | Crear | Villager (Male) |
| 19:19 | Crear | Villager (Male) |
| 19:36 | Crear | Villager (Male) |
| 19:37 | Crear | Villager (Male) |
| 19:39 | Construir | Farm |
| 19:40 | Construir | Farm |
| 19:40 | Construir | Farm |
| 19:42 | Crear | Knight |
| 19:55 | Crear | Villager (Male) |
| 19:57 | Construir | Farm |
| 19:59 | Crear | Villager (Male) |
| 20:02 | Construir | Farm |
| 20:12 | Crear | Villager (Male) |
| 20:29 | Crear | Knight |
| 20:33 | Crear | Villager (Male) |
| 20:36 | Construir | Farm |
| 20:36 | Construir | Farm |
| 20:39 | Crear | Villager (Male) |
| 20:40 | Crear | Villager (Male) |
| 20:54 | Crear | Knight |
| 21:06 | Crear | Villager (Male) |
| 21:06 | Crear | Villager (Male) |
| 21:15 | Crear | Villager (Male) |
| 21:22 | Crear | Villager (Male) |
| 21:23 | Construir | Farm |
| 21:35 | Crear | Villager (Male) |
| 21:40 | Construir | House |
| 21:41 | Construir | House |
| 21:42 | Construir | House |
| 21:43 | Construir | House |
| 22:02 | Crear | Knight |
| 22:06 | Crear | Villager (Male) |
| 22:06 | Crear | Villager (Male) |
| 22:08 | Construir | Farm |
| 22:09 | Construir | Farm |
| 22:10 | Crear | Villager (Male) |
| 22:10 | Crear | Villager (Male) |
| 22:11 | Construir | Farm |
| 22:12 | Crear | Knight |
| 22:26 | Crear | Villager (Male) |
| 23:12 | Crear | Villager (Male) |
| 23:12 | Crear | Villager (Male) |
| 23:18 | Construir | Town Center |
| 23:26 | Investigar | Wheelbarrow |
| 23:29 | Crear | Villager (Male) |
| 23:29 | Crear | Villager (Male) |
| 23:36 | Investigar | Bow Saw |
| 24:05 | Crear | Villager (Male) |
| 24:05 | Crear | Villager (Male) |
| 24:20 | Crear | Knight |
| 24:20 | Crear | Knight |
| 24:43 | Crear | Villager (Male) |
| 24:43 | Crear | Villager (Male) |
| 24:49 | Crear | Villager (Male) |
| 24:49 | Crear | Villager (Male) |
| 25:00 | Crear | Villager (Male) |
| 25:09 | Crear | Villager (Male) |
| 25:10 | Crear | Villager (Male) |
| 25:13 | Construir | Palisade Gate |
| 25:14 | Crear | Villager (Male) |
| 25:14 | Crear | Villager (Male) |
| 25:17 | Crear | Villager (Male) |
| 25:18 | Crear | Villager (Male) |
| 25:20 | Construir | House |
| 25:21 | Construir | House |
| 25:22 | Crear | Villager (Male) |
| 25:22 | Crear | Villager (Male) |
| 25:29 | Construir | Town Center |
| 25:40 | Construir | Palisade Gate |
| 25:46 | Crear | Villager (Male) |
| 25:46 | Crear | Villager (Male) |
| 26:02 | Crear | Villager (Male) |
| 26:02 | Crear | Villager (Male) |
| 26:03 | Construir | Stable |
| 26:04 | Crear | Villager (Male) |
Build order — Venom
Primeras 150 de 185 acciones detectadas
| 0:01 | Crear | Villager (Male) |
| 0:01 | Crear | Villager (Male) |
| 0:02 | Crear | Villager (Male) |
| 0:02 | Crear | Villager (Male) |
| 0:02 | Crear | Villager (Male) |
| 0:03 | Construir | House |
| 0:04 | Construir | House |
| 1:26 | Crear | Villager (Male) |
| 1:47 | Construir | Lumber Camp |
| 2:07 | Crear | Villager (Male) |
| 2:16 | Construir | House |
| 2:21 | Crear | Villager (Male) |
| 2:44 | Crear | Villager (Male) |
| 3:00 | Crear | Villager (Male) |
| 3:43 | Investigar | Loom |
| 3:55 | Crear | Villager (Male) |
| 3:59 | Crear | Villager (Male) |
| 4:33 | Construir | Mill |
| 4:38 | Crear | Villager (Male) |
| 4:43 | Crear | Villager (Male) |
| 5:02 | Crear | Villager (Male) |
| 5:23 | Construir | House |
| 5:46 | Crear | Villager (Male) |
| 6:06 | Crear | Villager (Male) |
| 6:48 | Crear | Villager (Male) |
| 7:12 | Crear | Villager (Male) |
| 7:29 | Construir | Mining Camp |
| 7:32 | Crear | Villager (Male) |
| 7:47 | Construir | House |
| 7:58 | Crear | Villager (Male) |
| 8:26 | Construir | Farm |
| 8:35 | Crear | Villager (Male) |
| 8:44 | Construir | Farm |
| 8:56 | Investigar | Feudal Age |
| 9:08 | Construir | House |
| 11:05 | Crear | Villager (Male) |
| 11:14 | Edad | Edad Feudal |
| 11:22 | Crear | Villager (Male) |
| 11:25 | Construir | Blacksmith |
| 11:32 | Construir | Market |
| 11:34 | Crear | Villager (Male) |
| 11:50 | Construir | House |
| 12:04 | Construir | House |
| 12:06 | Crear | Villager (Male) |
| 12:39 | Investigar | Castle Age |
| 12:39 | Investigar | Castle Age |
| 12:44 | Investigar | Double-Bit Axe |
| 12:52 | Investigar | Horse Collar |
| 12:52 | Investigar | Horse Collar |
| 13:06 | Construir | Farm |
| 13:36 | Construir | Mining Camp |
| 14:08 | Crear | Villager (Male) |
| 14:31 | Investigar | Gold Mining |
| 14:40 | Investigar | Stone Mining |
| 14:40 | Investigar | Stone Mining |
| 15:00 | Construir | Farm |
| 15:34 | Edad | Edad de los Castillos |
| 15:39 | Construir | Town Center |
| 15:53 | Crear | Villager (Male) |
| 16:12 | Crear | Villager (Male) |
| 16:28 | Crear | Villager (Male) |
| 16:35 | Investigar | Wheelbarrow |
| 16:37 | Investigar | Loom |
| 16:47 | Construir | Siege Workshop |
| 16:50 | Crear | Villager (Male) |
| 17:10 | Construir | Farm |
| 17:27 | Construir | Farm |
| 17:28 | Crear | Villager (Male) |
| 17:43 | Crear | Mangonel |
| 17:45 | Crear | Villager (Male) |
| 17:45 | Crear | Villager (Male) |
| 17:55 | Construir | Farm |
| 18:03 | Construir | Farm |
| 18:08 | Crear | Villager (Male) |
| 18:31 | Crear | Villager (Male) |
| 18:36 | Crear | Battering Ram |
| 18:47 | Construir | Farm |
| 18:53 | Crear | Villager (Male) |
| 18:55 | Construir | Farm |
| 18:58 | Construir | Farm |
| 19:05 | Crear | Villager (Male) |
| 19:20 | Construir | Castle |
| 19:33 | Crear | Villager (Male) |
| 19:35 | Crear | Villager (Male) |
| 19:45 | Crear | Battering Ram |
| 20:00 | Construir | Farm |
| 20:01 | Crear | Villager (Male) |
| 20:01 | Crear | Villager (Male) |
| 20:07 | Construir | House |
| 20:09 | Crear | Villager (Male) |
| 20:39 | Construir | Palisade Wall |
| 20:40 | Construir | Palisade Wall |
| 20:42 | Construir | Palisade Wall |
| 20:43 | Construir | Palisade Wall |
| 20:44 | Construir | Palisade Wall |
| 20:45 | Construir | Palisade Wall |
| 20:46 | Construir | Palisade Wall |
| 20:47 | Construir | Palisade Wall |
| 20:56 | Crear | Villager (Male) |
| 21:00 | Crear | Villager (Male) |
| 21:00 | Crear | Villager (Male) |
| 21:17 | Crear | Villager (Male) |
| 21:18 | Crear | Mangonel |
| 21:47 | Crear | Villager (Male) |
| 21:47 | Crear | Villager (Male) |
| 21:55 | Construir | House |
| 22:03 | Crear | Villager (Male) |
| 22:04 | Crear | Mangonel |
| 22:11 | Crear | Villager (Male) |
| 22:17 | Crear | Villager (Male) |
| 22:22 | Crear | Villager (Male) |
| 22:25 | Construir | House |
| 22:36 | Crear | Villager (Male) |
| 22:39 | Construir | Monastery |
| 22:51 | Crear | Mangonel |
| 22:53 | Crear | Villager (Male) |
| 22:54 | Crear | Villager (Male) |
| 22:54 | Crear | Villager (Male) |
| 22:56 | Construir | Farm |
| 23:02 | Crear | Villager (Male) |
| 23:10 | Construir | Farm |
| 23:12 | Crear | Villager (Male) |
| 23:19 | Construir | Farm |
| 23:22 | Crear | Monk |
| 23:30 | Crear | Villager (Male) |
| 23:36 | Crear | Villager (Male) |
| 23:40 | Construir | Farm |
| 23:55 | Construir | Farm |
| 24:02 | Construir | House |
| 24:03 | Construir | House |
| 24:09 | Construir | Outpost |
| 24:21 | Crear | Villager (Male) |
| 24:22 | Crear | Villager (Male) |
| 24:25 | Construir | House |
| 24:26 | Construir | House |
| 24:32 | Construir | House |
| 24:35 | Construir | Farm |
| 24:35 | Investigar | Bow Saw |
| 24:39 | Crear | Villager (Male) |
| 24:43 | Construir | Farm |
| 24:44 | Crear | Villager (Male) |
| 24:44 | Crear | Villager (Male) |
| 24:55 | Construir | Farm |
| 25:05 | Construir | Farm |
| 25:06 | Construir | Farm |
| 25:24 | Crear | Villager (Male) |
| 25:39 | Crear | Monk |
| 26:00 | Construir | Castle |
| 26:05 | Crear | Villager (Male) |
| 26:08 | Construir | Farm |
Build order — konstid
Primeras 150 de 180 acciones detectadas
| 0:01 | Crear | Villager (Male) |
| 0:01 | Crear | Villager (Male) |
| 0:01 | Crear | Villager (Male) |
| 0:02 | Construir | House |
| 0:03 | Construir | House |
| 0:18 | Crear | Villager (Male) |
| 1:35 | Crear | Villager (Male) |
| 1:37 | Crear | Villager (Male) |
| 1:47 | Construir | Lumber Camp |
| 2:28 | Crear | Villager (Male) |
| 2:37 | Construir | House |
| 2:42 | Crear | Villager (Male) |
| 2:42 | Crear | Villager (Male) |
| 3:19 | Crear | Villager (Male) |
| 3:35 | Crear | Villager (Male) |
| 3:54 | Crear | Villager (Male) |
| 4:27 | Crear | Villager (Male) |
| 4:27 | Crear | Villager (Male) |
| 4:38 | Crear | Villager (Male) |
| 5:06 | Construir | Mill |
| 5:25 | Construir | House |
| 5:51 | Crear | Villager (Male) |
| 5:51 | Crear | Villager (Male) |
| 6:41 | Crear | Villager (Male) |
| 6:42 | Crear | Villager (Male) |
| 7:04 | Crear | Villager (Male) |
| 7:15 | Construir | Farm |
| 7:17 | Construir | Farm |
| 7:20 | Construir | Farm |
| 7:27 | Construir | Lumber Camp |
| 7:44 | Crear | Villager (Male) |
| 7:47 | Investigar | Feudal Age |
| 8:24 | Construir | Mining Camp |
| 9:00 | Construir | House |
| 9:41 | Crear | Villager (Male) |
| 9:42 | Crear | Villager (Male) |
| 10:31 | Edad | Edad Feudal |
| 10:35 | Construir | Market |
| 10:36 | Construir | Blacksmith |
| 11:26 | Investigar | Castle Age |
| 11:26 | Investigar | Castle Age |
| 11:44 | Construir | Barracks |
| 12:03 | Investigar | Double-Bit Axe |
| 12:41 | Crear | Villager (Male) |
| 12:52 | Construir | Archery Range |
| 13:16 | Construir | House |
| 13:23 | Investigar | Fletching |
| 13:23 | Investigar | Fletching |
| 13:27 | Crear | Archer |
| 13:27 | Crear | Archer |
| 13:45 | Construir | Archery Range |
| 14:06 | Edad | Edad de los Castillos |
| 14:16 | Crear | Villager (Male) |
| 14:34 | Investigar | Bodkin Arrow |
| 14:34 | Investigar | Bodkin Arrow |
| 14:39 | Crear | Archer |
| 14:45 | Crear | Villager (Male) |
| 15:13 | Crear | Archer |
| 15:14 | Crear | Archer |
| 15:22 | Crear | Villager (Male) |
| 15:46 | Crear | Archer |
| 15:46 | Crear | Archer |
| 15:48 | Crear | Villager (Male) |
| 15:51 | Construir | House |
| 16:00 | Investigar | Crossbowman (upgrade) |
| 16:00 | Investigar | Crossbowman (upgrade) |
| 16:18 | Crear | Archer |
| 16:18 | Crear | Archer |
| 16:21 | Crear | Villager (Male) |
| 16:26 | Construir | House |
| 16:30 | Construir | House |
| 16:31 | Construir | House |
| 16:37 | Crear | Archer |
| 16:37 | Crear | Archer |
| 16:40 | Crear | Villager (Male) |
| 16:47 | Construir | Farm |
| 16:48 | Construir | Farm |
| 16:49 | Construir | Farm |
| 17:10 | Investigar | Horse Collar |
| 17:24 | Construir | Farm |
| 17:25 | Construir | Farm |
| 17:28 | Construir | Farm |
| 17:40 | Crear | Archer |
| 17:40 | Crear | Archer |
| 17:49 | Construir | House |
| 17:51 | Crear | Villager (Male) |
| 18:08 | Crear | Archer |
| 18:08 | Crear | Archer |
| 18:09 | Crear | Villager (Male) |
| 18:12 | Construir | House |
| 18:30 | Crear | Archer |
| 18:30 | Crear | Archer |
| 18:55 | Crear | Archer |
| 18:55 | Crear | Archer |
| 18:56 | Crear | Villager (Male) |
| 18:56 | Crear | Villager (Male) |
| 19:15 | Crear | Villager (Male) |
| 19:15 | Crear | Villager (Male) |
| 19:17 | Construir | Farm |
| 19:17 | Construir | Farm |
| 19:31 | Crear | Archer |
| 19:31 | Crear | Archer |
| 19:40 | Construir | House |
| 19:43 | Construir | Farm |
| 19:48 | Investigar | Wheelbarrow |
| 20:02 | Crear | Villager (Male) |
| 20:09 | Construir | Siege Workshop |
| 21:24 | Crear | Archer |
| 21:24 | Crear | Archer |
| 21:24 | Crear | Archer |
| 21:24 | Crear | Archer |
| 21:36 | Crear | Archer |
| 21:36 | Crear | Archer |
| 21:42 | Crear | Villager (Male) |
| 21:44 | Construir | Farm |
| 21:45 | Construir | Farm |
| 21:47 | Construir | House |
| 22:01 | Construir | Siege Workshop |
| 22:08 | Construir | House |
| 22:12 | Crear | Villager (Male) |
| 22:12 | Crear | Villager (Male) |
| 22:43 | Construir | University |
| 22:54 | Crear | Villager (Male) |
| 23:00 | Construir | Monastery |
| 23:26 | Crear | Villager (Male) |
| 23:39 | Crear | Monk |
| 23:51 | Construir | Lumber Camp |
| 24:41 | Investigar | Imperial Age |
| 24:41 | Investigar | Imperial Age |
| 24:43 | Investigar | Loom |
| 24:44 | Investigar | Imperial Age |
| 24:57 | Construir | Mining Camp |
| 25:02 | Construir | Siege Workshop |
| 25:39 | Crear | Mangonel |
| 25:53 | Construir | House |
| 25:58 | Investigar | Ballistics |
| 26:09 | Crear | Archer |
| 26:10 | Crear | Archer |
| 26:32 | Construir | Lumber Camp |
| 26:40 | Construir | Lumber Camp |
| 27:07 | Construir | Siege Workshop |
| 27:37 | Construir | Siege Workshop |
| 27:40 | Investigar | Gold Mining |
| 27:41 | Investigar | Gold Mining |
| 27:43 | Crear | Villager (Male) |
| 27:43 | Crear | Villager (Male) |
| 27:57 | Construir | House |
| 28:00 | Construir | Palisade Wall |
| 28:18 | Edad | Edad Imperial |
| 28:21 | Investigar | Bracer |
Build order — towerrushfeudal
Primeras 150 de 171 acciones detectadas
| 0:02 | Crear | Villager (Male) ×4 |
| 0:03 | Construir | House |
| 0:23 | Construir | House |
| 0:24 | Construir | House |
| 0:25 | Construir | House |
| 1:21 | Crear | Villager (Male) |
| 1:44 | Construir | Lumber Camp |
| 1:55 | Crear | Villager (Male) |
| 2:22 | Crear | Villager (Male) |
| 2:43 | Crear | Villager (Male) |
| 2:59 | Crear | Villager (Male) |
| 3:17 | Crear | Villager (Male) |
| 3:44 | Crear | Villager (Male) |
| 4:31 | Crear | Villager (Male) |
| 4:31 | Crear | Villager (Male) |
| 5:03 | Construir | Mining Camp |
| 5:19 | Crear | Villager (Male) |
| 5:23 | Crear | Villager (Male) |
| 5:54 | Investigar | Feudal Age |
| 5:54 | Investigar | Feudal Age |
| 7:06 | Construir | Barracks |
| 7:13 | Construir | House |
| 7:41 | Construir | House |
| 7:45 | Crear | Villager (Male) |
| 7:45 | Crear | Villager (Male) |
| 7:45 | Crear | Villager (Male) |
| 8:04 | Edad | Edad Feudal |
| 8:14 | Construir | Archery Range |
| 8:18 | Investigar | Double-Bit Axe |
| 8:59 | Construir | House |
| 9:02 | Construir | Stone Wall |
| 9:03 | Construir | Stone Wall |
| 9:03 | Construir | Stone Wall |
| 9:05 | Construir | Stone Wall |
| 9:07 | Construir | Stone Wall |
| 9:12 | Construir | Archery Range |
| 9:14 | Crear | Archer |
| 9:16 | Crear | Archer |
| 9:18 | Crear | Villager (Male) |
| 9:32 | Crear | Villager (Male) |
| 9:34 | Crear | Archer |
| 9:34 | Crear | Archer |
| 9:49 | Construir | Gate |
| 9:51 | Construir | House |
| 9:52 | Construir | House |
| 10:00 | Crear | Villager (Male) |
| 10:02 | Crear | Archer |
| 10:05 | Crear | Archer |
| 10:10 | Crear | Archer |
| 10:31 | Construir | Mill |
| 10:33 | Crear | Villager (Male) |
| 10:57 | Crear | Villager (Male) |
| 10:59 | Crear | Archer |
| 10:59 | Crear | Archer |
| 11:22 | Crear | Villager (Male) |
| 11:25 | Crear | Archer |
| 11:28 | Crear | Archer |
| 11:44 | Construir | Stone Wall |
| 11:45 | Construir | Stone Wall |
| 11:46 | Construir | Stone Wall |
| 11:47 | Construir | Stone Wall |
| 11:48 | Construir | Stone Wall |
| 11:51 | Crear | Villager (Male) |
| 12:15 | Crear | Villager (Male) |
| 12:16 | Crear | Archer |
| 12:16 | Crear | Archer |
| 12:23 | Investigar | Horse Collar |
| 12:23 | Investigar | Horse Collar |
| 12:44 | Crear | Villager (Male) |
| 12:45 | Crear | Archer |
| 12:45 | Crear | Archer |
| 13:09 | Crear | Archer |
| 13:10 | Crear | Archer |
| 13:10 | Crear | Villager (Male) |
| 13:20 | Construir | Farm |
| 13:21 | Construir | Farm |
| 13:22 | Construir | Farm |
| 13:50 | Crear | Archer |
| 13:50 | Crear | Archer |
| 13:51 | Crear | Villager (Male) |
| 13:58 | Construir | Farm |
| 14:02 | Crear | Villager (Male) |
| 14:02 | Investigar | Loom |
| 14:29 | Crear | Archer |
| 14:30 | Crear | Archer |
| 14:30 | Crear | Villager (Male) |
| 14:32 | Construir | Farm |
| 14:46 | Construir | House |
| 14:52 | Construir | House |
| 15:06 | Crear | Archer |
| 15:07 | Crear | Archer |
| 15:07 | Crear | Villager (Male) |
| 15:44 | Crear | Archer |
| 15:44 | Crear | Archer |
| 15:45 | Crear | Villager (Male) |
| 15:48 | Construir | Farm |
| 15:52 | Construir | Farm |
| 15:55 | Construir | Farm |
| 15:56 | Construir | Farm |
| 16:08 | Construir | Farm |
| 16:12 | Crear | Villager (Male) |
| 16:31 | Construir | Blacksmith |
| 16:35 | Crear | Archer |
| 16:51 | Construir | House |
| 16:52 | Construir | House |
| 16:54 | Crear | Villager (Male) |
| 16:59 | Crear | Archer |
| 16:59 | Crear | Archer |
| 17:02 | Investigar | Fletching |
| 17:32 | Construir | Farm |
| 17:33 | Crear | Villager (Male) |
| 17:48 | Crear | Archer |
| 17:48 | Crear | Archer |
| 18:25 | Investigar | Castle Age |
| 18:42 | Investigar | Padded Archer Armor |
| 18:44 | Crear | Archer |
| 18:44 | Crear | Archer |
| 19:22 | Crear | Archer |
| 19:22 | Crear | Archer |
| 19:23 | Crear | Archer |
| 19:23 | Crear | Archer |
| 19:56 | Crear | Archer |
| 19:57 | Crear | Archer |
| 20:06 | Construir | Archery Range |
| 20:14 | Investigar | Gold Mining |
| 20:35 | Construir | Mining Camp |
| 20:57 | Construir | Stone Wall |
| 21:02 | Crear | Archer |
| 21:05 | Edad | Edad de los Castillos |
| 21:12 | Construir | University |
| 21:17 | Investigar | Bodkin Arrow |
| 21:18 | Investigar | Crossbowman (upgrade) |
| 21:21 | Crear | Villager (Male) |
| 21:45 | Crear | Villager (Male) |
| 21:59 | Investigar | Ballistics |
| 22:05 | Investigar | Bow Saw |
| 22:08 | Crear | Villager (Male) |
| 22:11 | Crear | Archer |
| 22:11 | Crear | Archer |
| 22:13 | Crear | Archer |
| 22:36 | Construir | Lumber Camp |
| 22:52 | Crear | Archer |
| 22:52 | Crear | Archer |
| 22:53 | Crear | Villager (Male) |
| 23:52 | Crear | Archer |
| 23:53 | Crear | Archer |
| 23:53 | Crear | Archer |
| 23:54 | Investigar | Leather Archer Armor |
| 23:54 | Crear | Villager (Male) |
| 23:54 | Crear | Villager (Male) |
Build order — tokmakbaba
Primeras 150 de 177 acciones detectadas
| 0:01 | Crear | Villager (Male) |
| 0:02 | Construir | House |
| 0:03 | Construir | House |
| 0:30 | Crear | Villager (Male) |
| 0:30 | Crear | Villager (Male) |
| 0:30 | Crear | Villager (Male) |
| 0:30 | Crear | Villager (Male) |
| 1:43 | Crear | Villager (Male) |
| 1:44 | Crear | Villager (Male) |
| 1:47 | Construir | Lumber Camp |
| 1:55 | Crear | Villager (Male) |
| 2:28 | Crear | Villager (Male) |
| 2:28 | Crear | Villager (Male) |
| 3:17 | Crear | Villager (Male) |
| 3:17 | Crear | Villager (Male) |
| 3:48 | Construir | House |
| 4:07 | Construir | House |
| 4:23 | Crear | Villager (Male) |
| 4:27 | Crear | Villager (Male) |
| 4:34 | Construir | House |
| 4:57 | Crear | Villager (Male) |
| 5:27 | Construir | Mill |
| 5:31 | Crear | Villager (Male) |
| 5:32 | Crear | Villager (Male) |
| 5:32 | Crear | Villager (Male) |
| 5:53 | Crear | Villager (Male) |
| 5:53 | Crear | Villager (Male) |
| 7:21 | Crear | Villager (Male) |
| 7:47 | Crear | Villager (Male) |
| 8:18 | Crear | Villager (Male) |
| 8:22 | Construir | Mining Camp |
| 8:40 | Crear | Villager (Male) |
| 9:08 | Crear | Villager (Male) |
| 9:09 | Investigar | Feudal Age |
| 9:14 | Crear | Villager (Male) |
| 9:14 | Investigar | Feudal Age |
| 10:10 | Construir | Farm |
| 10:15 | Construir | Farm |
| 11:03 | Construir | Farm |
| 11:40 | Construir | Farm |
| 11:49 | Construir | Farm |
| 12:08 | Edad | Edad Feudal |
| 12:11 | Construir | Market |
| 12:17 | Construir | Blacksmith |
| 12:22 | Crear | Villager (Male) |
| 12:22 | Crear | Villager (Male) |
| 12:30 | Investigar | Double-Bit Axe |
| 12:33 | Investigar | Gold Mining |
| 12:57 | Investigar | Loom |
| 13:03 | Investigar | Castle Age |
| 13:21 | Construir | House |
| 13:22 | Construir | House |
| 14:39 | Construir | Mining Camp |
| 14:56 | Crear | Villager (Male) |
| 15:02 | Construir | House |
| 15:31 | Construir | House |
| 15:33 | Construir | House |
| 16:17 | Edad | Edad de los Castillos |
| 16:18 | Construir | Siege Workshop |
| 16:24 | Construir | Monastery |
| 16:27 | Construir | Lumber Camp |
| 16:32 | Crear | Villager (Male) |
| 17:13 | Construir | Barracks |
| 17:30 | Investigar | Imperial Age |
| 18:17 | Construir | Archery Range |
| 18:20 | Construir | Archery Range |
| 18:34 | Construir | Farm |
| 18:38 | Crear | Monk |
| 19:20 | Construir | Farm |
| 19:24 | Investigar | Horse Collar |
| 20:35 | Investigar | Padded Archer Armor |
| 20:40 | Edad | Edad Imperial |
| 20:40 | Crear | Villager (Male) |
| 20:42 | Crear | Hand Cannoneer |
| 20:42 | Crear | Hand Cannoneer |
| 20:42 | Crear | Hand Cannoneer |
| 20:43 | Crear | Hand Cannoneer |
| 20:44 | Crear | Bombard Cannon |
| 20:44 | Crear | Bombard Cannon |
| 20:44 | Crear | Bombard Cannon |
| 20:47 | Crear | Hand Cannoneer |
| 21:06 | Crear | Villager (Male) |
| 21:07 | Construir | Farm |
| 21:11 | Crear | Villager (Male) |
| 21:15 | Crear | Hand Cannoneer |
| 21:15 | Crear | Hand Cannoneer |
| 21:15 | Crear | Hand Cannoneer |
| 21:38 | Crear | Hand Cannoneer |
| 21:39 | Crear | Hand Cannoneer |
| 21:46 | Construir | Farm |
| 21:59 | Construir | Farm |
| 22:01 | Crear | Villager (Male) |
| 22:11 | Crear | Hand Cannoneer |
| 22:11 | Crear | Hand Cannoneer |
| 22:26 | Crear | Hand Cannoneer |
| 22:27 | Crear | Hand Cannoneer |
| 22:34 | Investigar | Padded Archer Armor |
| 22:34 | Investigar | Padded Archer Armor |
| 22:37 | Construir | Farm |
| 22:56 | Crear | Hand Cannoneer |
| 22:57 | Crear | Hand Cannoneer |
| 22:58 | Crear | Villager (Male) |
| 23:39 | Crear | Hand Cannoneer |
| 23:39 | Crear | Hand Cannoneer |
| 23:47 | Crear | Hand Cannoneer |
| 23:48 | Crear | Bombard Cannon |
| 23:49 | Construir | Farm |
| 23:49 | Crear | Villager (Male) |
| 24:27 | Crear | Hand Cannoneer |
| 24:28 | Crear | Hand Cannoneer |
| 24:29 | Crear | Bombard Cannon |
| 24:40 | Crear | Hand Cannoneer |
| 24:40 | Crear | Hand Cannoneer |
| 24:41 | Construir | Farm |
| 24:47 | Construir | House |
| 24:48 | Construir | House |
| 24:50 | Crear | Villager (Male) |
| 25:06 | Crear | Villager (Male) |
| 25:40 | Crear | Hand Cannoneer |
| 25:40 | Crear | Hand Cannoneer |
| 25:42 | Construir | Farm |
| 25:43 | Crear | Villager (Male) |
| 26:21 | Crear | Hand Cannoneer |
| 26:22 | Crear | Hand Cannoneer |
| 26:33 | Crear | Hand Cannoneer |
| 26:34 | Crear | Hand Cannoneer |
| 26:35 | Construir | Farm |
| 26:37 | Construir | Farm |
| 26:38 | Crear | Villager (Male) |
| 26:42 | Construir | Town Center |
| 27:33 | Crear | Hand Cannoneer |
| 27:33 | Crear | Hand Cannoneer |
| 27:33 | Crear | Villager (Male) |
| 27:39 | Construir | House |
| 27:39 | Construir | House |
| 27:42 | Crear | Hand Cannoneer |
| 27:42 | Crear | Hand Cannoneer |
| 28:20 | Crear | Hand Cannoneer |
| 28:20 | Crear | Hand Cannoneer |
| 28:24 | Crear | Villager (Male) |
| 28:24 | Crear | Villager (Male) |
| 28:26 | Crear | Villager (Male) |
| 28:48 | Crear | Hand Cannoneer |
| 28:48 | Crear | Hand Cannoneer |
| 28:53 | Construir | Mining Camp |
| 28:54 | Crear | Villager (Male) |
| 29:04 | Crear | Villager (Male) |
| 29:04 | Crear | Villager (Male) |
| 29:10 | Construir | House |
| 29:10 | Construir | House |
Cronología de la partida
| 7:06 | towerrushfeudal · first_building Barracks |
| 8:04 | towerrushfeudal · age_up feudal |
| 8:14 | towerrushfeudal · first_building Archery Range |
| 8:20 | MANQUELINI · first_building Barracks |
| 9:02 | towerrushfeudal · wall_segment Stone Wall x1 |
| 9:03 | towerrushfeudal · wall_segment Stone Wall x1 |
| 9:03 | towerrushfeudal · wall_segment Stone Wall x1 |
| 9:05 | towerrushfeudal · wall_segment Stone Wall x3 |
| 9:07 | towerrushfeudal · wall_segment Stone Wall x8 |
| 9:16 | MANQUELINI · age_up feudal |
| 9:20 | MANQUELINI · first_building Stable |
| 9:41 | UXIONO · age_up feudal |
| 9:41 | Richman · age_up feudal |
| 10:31 | konstid · age_up feudal |
| 11:14 | Venom · age_up feudal |
| 11:44 | towerrushfeudal · wall_segment Stone Wall x1 |
| 11:44 | konstid · first_building Barracks |
| 11:45 | towerrushfeudal · wall_segment Stone Wall x2 |
| 11:46 | towerrushfeudal · wall_segment Stone Wall x1 |
| 11:47 | towerrushfeudal · wall_segment Stone Wall x1 |
| 11:48 | towerrushfeudal · wall_segment Stone Wall x1 |
| 12:00 | UXIONO · first_market_sell 100 stone |
| 12:08 | TaçsızKral · age_up feudal |
| 12:08 | tokmakbaba · age_up feudal |
| 12:15 | Richman · first_building Barracks |
| 12:52 | konstid · first_building Archery Range |
| 13:17 | Richman · age_up castle |
| 13:19 | Richman · first_building Stable |
| 13:41 | konstid · first_market_buy 100 wood |
| 14:06 | konstid · age_up castle |
| 14:27 | konstid · first_market_sell 100 wood |
| 14:51 | UXIONO · age_up castle |
| 15:00 | UXIONO · first_market_buy 100 wood |
| 15:25 | UXIONO · first_building Siege Workshop |
| 15:26 | tokmakbaba · first_market_buy 100 food |
| 15:29 | tokmakbaba · first_market_sell 100 stone |
| 15:34 | Venom · age_up castle |
| 15:47 | TaçsızKral · age_up castle |
| 15:55 | TaçsızKral · first_building Castle |
| 16:17 | tokmakbaba · age_up castle |
| 16:18 | tokmakbaba · first_building Siege Workshop |
| 16:24 | tokmakbaba · first_building Monastery |
| 16:38 | TaçsızKral · first_building Siege Workshop |
| 16:47 | Venom · first_building Siege Workshop |
| 17:00 | UXIONO · first_building Monastery |
| 17:13 | tokmakbaba · first_building Barracks |
| 18:17 | tokmakbaba · first_building Archery Range |
| 18:43 | UXIONO · first_building Barracks |
| 19:20 | Venom · first_building Castle |
| 19:42 | UXIONO · first_building Stable |
| 20:00 | TaçsızKral · wall_segment Stone Wall x1 |
| 20:09 | konstid · first_building Siege Workshop |
| 20:39 | Venom · wall_segment Palisade Wall x1 |
| 20:40 | tokmakbaba · age_up imperial |
| 20:40 | Venom · wall_segment Palisade Wall x1 |
| 20:42 | TaçsızKral · first_market_sell 100 wood |
| 20:42 | Venom · wall_segment Palisade Wall x1 |
| 20:43 | Venom · wall_segment Palisade Wall x1 |
| 20:44 | Venom · wall_segment Palisade Wall x1 |
| 20:45 | Venom · wall_segment Palisade Wall x1 |
| 20:46 | Venom · wall_segment Palisade Wall x1 |
| 20:47 | Venom · wall_segment Palisade Wall x1 |
| 20:57 | towerrushfeudal · wall_segment Stone Wall x4 |
| 21:05 | towerrushfeudal · age_up castle |
| 21:12 | TaçsızKral · first_building Barracks |
| 22:39 | Venom · first_building Monastery |
| 23:00 | konstid · first_building Monastery |
| 23:11 | Richman · first_market_buy 100 stone |
| 23:42 | MANQUELINI · age_up castle |
| 24:03 | TaçsızKral · first_building Stable |
| 25:34 | TaçsızKral · first_market_buy 100 stone |
| 26:42 | Venom · first_market_buy 100 food |
| 26:45 | Venom · first_market_sell 100 wood |
| 27:28 | towerrushfeudal · wall_segment Stone Wall x2 |
| 27:58 | Richman · first_building Monastery |
| 28:00 | konstid · wall_segment Palisade Wall x1 |
| 28:14 | Venom · first_building Barracks |
| 28:18 | konstid · age_up imperial |
| 28:52 | Venom · first_building Stable |
| 29:35 | Venom · first_building Archery Range |
| 29:55 | MANQUELINI · first_market_sell 500 food |
| 30:09 | Venom · age_up imperial |
| 31:01 | Richman · first_market_sell 100 food |
| 31:37 | UXIONO · resign |
[ ANÁLISIS IA · 1 CRÉDITO ]
¿Qué pasó realmente en esta partida?
Wolo.gg analiza cada decisión: build order, eco, micro, errores típicos por bracket. Análisis personalizado por WhatsApp o Discord en 30 segundos.
Guía civ
Francos
Perfil
Jugador #24353796